 Dungeon Crawl Stone Soup version 0.29-a0-80-g3050e97935 (webtiles) character file.

Game seed: 10012182289905138007

490357 Jannitor the Evocator (level 23, -30/235 HPs)
             Began as a Deep Dwarf Berserker on Feb 3, 2022.
             Was the Champion of the Shining One.
             Annihilated by a stone giant (38 damage)
             ... created by the rage of Trog
             ... on level 3 of the Vaults on Feb 4, 2022.
             The game lasted 02:15:25 (52832 turns).

Jannitor the Evocator (Deep Dwarf Berserker)       Turns: 52832, Time: 02:15:26

Health: -30/235    AC: 43    Str: 26    XL:     23   Next: 86%
Magic:  24/24      EV:  9    Int:  6    God:    the Shining One [******]
Gold:   3908       SH: 37    Dex: 18    Spells: 22/22 levels left

rFire   + + +      SeeInvis +   z - +9 broad axe (holy)
rCold   + + .      Faith    .   s - +10 tower shield of Ignorance {rN+ Int-4}
rNeg    + + +      Spirit   .   R - +7 gold dragon scales
rPois   +          Reflect  +   O - +1 helmet {SInv}
rElec   +          Harm     .   g - +2 cloak {rF+}
rCorr   .          Rampage  .   T - +0 pair of gloves of Anaesthesia {rN+}
Will    +++..                   i - +2 pair of boots
Stlth   ..........              r - amulet of reflection
HPRegen 0.00/turn               d - ring of poison resistance
MPRegen 0.19/turn               N - ring "Ibugofuch" {rElec rF+ rC+ Dex+4 Stlth-}

@: about to teleport, glowing, studying Stealth
A: damage resistance, heal wounds, negative energy resistance 1, sense
surroundings 3, no regeneration, clumsy 1, MP-powered wands
}: 2/15 runes: decaying, serpentine
a: Heal Wounds, Renounce Religion, Divine Shield, Cleansing Flame, Summon Divine
Warrior


You were on level 3 of the Vaults.
You worshipped the Shining One.
The Shining One was exalted by your worship.
You visited 10 branches of the dungeon, and saw 46 of its levels.
You visited 1 bazaar.
You also visited: Trove, Sewer, Ossuary, Gauntlet, Ice Cave and Volcano.

You collected 7678 gold pieces.
You spent 3770 gold pieces at shops.

Inventory:

Hand Weapons
 z - a +9 broad axe of holy wrath (weapon)
Missiles
 h - 15 throwing nets
 A - 11 curare-tipped darts
 L - 9 silver javelins (quivered)
Armour
 g - a +2 cloak of fire resistance (worn)
 i - a +2 pair of boots (worn)
 s - the +10 tower shield of Ignorance (worn) {rN+ Int-4}
   (You bought it in a shop on level 2 of the Orcish Mines)

   Int:       It affects your intelligence (-4).
   rN:        It protects you from negative energy.
 O - a +1 helmet of see invisible (worn)
 R - +7 gold dragon scales (worn)
 T - the +0 pair of gloves of Anaesthesia (worn) {rN+}
   (You found it on level 3 of the Elven Halls)

   rN:        It protects you from negative energy.
Jewellery
 d - a ring of poison resistance (left hand)
 r - an amulet of reflection (around neck)
 M - a ring of resist corrosion
 N - the ring "Ibugofuch" (right hand) {rElec rF+ rC+ Dex+4 Stlth-}
   (You bought it in a shop in a bazaar)

   [ring of protection from cold]

   Dex:       It affects your dexterity (+4).
   rF:        It protects you from fire.
   rC:        It protects you from cold.
   rElec:     It insulates you from electricity.
   Stlth:     It makes you less stealthy.
 U - a ring of flight
Wands
 b - a wand of paralysis (17)
 k - a wand of polymorph (18)
 J - a wand of mindburst (11)
 P - a wand of iceblast (34)
 Q - a wand of charming (10)
 S - a wand of digging (25)
 W - a wand of flame (11)
Scrolls
 c - 12 scrolls of fog
 f - 6 scrolls of blinking
 j - 23 scrolls of teleportation
 l - 10 scrolls of vulnerability
 u - 12 scrolls of fear
 C - 6 scrolls of magic mapping
 I - a scroll of silence
 K - 9 scrolls of summoning
 Z - 2 scrolls of holy word
Potions
 a - 2 potions of might
 m - 23 potions of curing
 n - 5 potions of berserk rage
 o - 6 potions of flight
 v - 9 potions of mutation
 w - 5 potions of resistance
 x - 7 potions of haste
 B - 5 potions of attraction
 D - 4 potions of magic
 E - 5 potions of cancellation
 G - 2 potions of invisibility
 H - a potion of ambrosia
 V - 5 potions of heal wounds
Miscellaneous
 e - a phantom mirror
 p - a piece from Xom's chessboard (15/15)
 t - a box of beasts
 Y - a condenser vane


   Skills:
 + Level 19.7 Fighting
 - Level 20.3 Axes
 + Level 16.0 Throwing
 + Level 20.7 Armour
 - Level 8.7 Dodging
 + Level 19.8 Shields
 * Level 9.8 Invocations
 - Level 23.1 Evocations


You had 22 spell levels left.
You didn't know any spells.
Your spell library contained the following spells:

 Spells                   Type           Power      Damage    Failure   Level
 Animate Skeleton         Necr           0%         N/A       100%        1
 Apportation              Tloc           0%         N/A       100%        1
 Summon Small Mammal      Summ           0%         N/A       100%        1
 Inner Flame              Hex/Fire       0%         N/A       100%        3
 Tukima's Dance           Hex            0%         N/A       100%        3
 Anguish                  Hex/Necr       0%         N/A       100%        4
 Cause Fear               Hex            0%         N/A       100%        4
 Summon Forest            Summ/Tloc      0%         N/A       100%        5
 Summon Mana Viper        Hex/Summ       0%         N/A       100%        5
 Summon Cactus Giant      Summ           0%         N/A       100%        6
 Enfeeble                 Hex            0%         N/A       100%        7
 Borgnjor's Revivificati  Necr           0%         N/A       100%        8
 Discord                  Hex            0%         N/A       100%        8
 Necromutation            Tmut/Necr      0%         N/A       100%        8
 Death's Door             Necr           0%         N/A       100%        9


Dungeon Overview and Level Annotations

Branches:
Dungeon (15/15)            Temple (1/1) D:4            Lair (6/6) D:11
  Swamp (4/4) Lair:2        Snake (4/4) Lair:3        Slime (0/5) Lair:6
    Orc (2/2) D:11            Elf (3/3) Orc:2        Vaults (5/5) D:14
  Crypt (3/3) Vaults:3       Tomb (0/3) Crypt:3      Depths (3/4) D:15
  Sewer (visited)         Ossuary (visited)           IceCv (visited)
Volcano (visited)         Gauntlet (visited)

Altars:
Ashenzari
Cheibriados
Elyvilon
Gozag
Hepliaklqana
Kikubaaqudgha
Makhleb
Nemelex Xobeh
Okawaru
Qazlal
Sif Muna
Trog
Uskayaw
Vehumet
Wu Jian
Yredelemnul
Zin
The Shining One
Jiyva

Shops:
D:2 !   D:3 (   D:7 (   D:8 *   D:13 =   D:14 *   Orc:2 ?!([   Snake:1 =::
Snake:3 (=[!   Vaults:1 *   Vaults:2 *!:**   Depths:3 ?

Portals:
Hell: Depths:1 Depths:2 Depths:3
Abyss: Depths:3
Pandemonium: Depths:2
Ziggurat: Depths:2

Annotations:
D:8 3 runed translucent doors, hemabe71's ghost, novice HuAr; mfcas's ghost, novice DjCj
Depths:2 2 transporters


Innate Abilities, Weirdness & Mutations

You are resistant to damage.
You can heal yourself by infusing magical energy.
You resist negative energy. (rN+)
You passively map a large area around you.
You do not regenerate.
You are clumsy. (Dex -2)
You expend magic power (3 MP) to strengthen your wands.


Message History

You hear two shouts!
You hear a shout!
You hear a shout!
You hear an angry growl.
You hear a shout! x2
You hear a shout!
You hear two shouts!
You hear a shout!
You hear an angry growl.
You hear a shout!
You hear a shout! x2
You hear a shout! x3
You hear a shout! x2; You hear two shouts!
You hear an angry growl.
You hear a shout!
You hear a shout!
You hear two shouts!
You hear a shout!
You hear two shouts!
There is a staircase back to the Vaults here.
You hear a shout! x2; You hear an angry growl.
You climb upwards.
Welcome back to the Vaults!
There is a staircase to the Crypt here.
There is an open door here.
Trog sends monsters to punish you.
A cyclops, 2 stone giants, a polar bear and a deep troll come into view.
As you read the scroll of teleportation, it crumbles to dust.
You feel strangely unstable. You block the stone giant's attack.
You hit the stone giant but do no damage.
You hit the cyclops but do no damage.
You hit the stone giant but do no damage.
The deep troll rages.
You block the stone giant's attack. The stone giant hits you!!
You hit the stone giant but do no damage.
You slash the stone giant! You hit the cyclops.
You block the stone giant's attack. x2; You block the cyclops's attack.
You hit the stone giant but do no damage. x2
You slash the cyclops!
You hit the deep troll but do no damage.
The stone giant hits you! The stone giant hits you!!
* * * LOW HITPOINT WARNING * * *
You block the deep troll's attack. x3; The cyclops hits you!!
* * * LOW HITPOINT WARNING * * *
The stone giant hits you!
* * * LOW HITPOINT WARNING * * *
The stone giant hits you!!!
You die...

.####.####
######'######......#
(#.##.##.#
#...........'......#
.#..#.#..#
#...##'##...'......#
.##.....##
#.###...###.#......#
.###...##
#.#.......#.#......#
.##.....##
#.#...>...#.#......#
.'..#.#..#
#.#.......#.#......#
.#.##.##.#
#.###...###.#......#
#####.####
#.C@#####...#......#
.# #'#####
#hTCC.......#......#
.# #.....#
##'###'######......#
.# #.....# #.......#
#......#
#####.....####.##.##.#
######'###
.#[..........#.##.##.#
#.......#
.#....###....#....[..#
#...#...# .'....#
#....#.##.##.#
#.......#
##....###....'.##.##.#
#.#...#.#


You could see 2 stone giants, a deep troll (berserk), a cyclops (berserk) and a
polar bear (berserk).

Vanquished Creatures
  3 ancient liches (Crypt:1)
  2 juggernauts (Depths:3)
  Mara (Crypt:3)
  Margery (Crypt:2)
  Frederick (Crypt:3)
  Saint Roka (Vaults:1)
  2 caustic shrikes (Depths:3)
  3 golden dragons (Depths:3)
  2 profane servitors (Crypt:3)
  A bone dragon (Crypt:3)
  Jorgrun (Elf:1)
  A tentacled monstrosity (Depths:3)
  Rupert (D:14)
  4 liches
  2 deep elf master archers (Elf:3)
  2 walking earthen tomes (Depths:3)
  2 deep elf blademasters (Elf:3)
  The ghost of bezhaha the Imperceptible, an adept VSEn of Dithmenos (Vaults:4)
  A quicksilver dragon (Depths:3)
  2 titans (Depths:3)
  4 ancient champions
  2 walking divine tomes (Depths:3)
  3 sphinxes
  2 thorn hunters
  Agnes (Elf:2)
  A shadow dragon (Depths:2)
  Kirke (Elf:1)
  2 tengu reavers
  8 nagarajas (Snake:4)
  4 revenants
  6 deep elf sorcerers
  5 frost giants
  12 vault wardens
  3 fire giants (Depths:3)
  Louise (Depths:3)
  3 iron dragons
  Aizul (Snake:2)
  An orc warlord (Vaults:1)
  A juggernaut zombie (Crypt:3)
  2 spriggan defenders (Depths:3)
  3 curse skulls
  13 ironbound preservers
  2 deep elf elementalists
  12 very ugly things
  3 reapers (IceCv)
  7 ghouls
  2 war gargoyles
  A caustic shrike skeleton (Crypt:2)
  15 stone giants
  7 ironbound thunderhulks
  7 vampire knights
  A minotaur (Gauntlet)
  8 deep elf demonologists (Elf:3)
  4 eleionomae (Swamp:2)
  13 dire elephants
  3 bunyips
  5 deep elf annihilators
  Azrael (D:14)
  8 ettins
  7 eidola
  6 jiangshi
  A mummy priest (Crypt:3)
  2 fire dragons
  3 yaktaur captains
  2 great orbs of eyes
  8 deep elf death magi
  2 deep elf high priests
  2 shambling mangroves
  A merfolk impaler (Depths:1)
  16 vault guards
  15 naga warriors
  24 hydras
  A spriggan zombie (Crypt:3)
  2 peacekeepers
  6 salamander tyrants
  2 rakshasas
  An ice dragon (Depths:3)
  3 catoblepae (Lair:6)
  2 caustic shrike simulacra (IceCv)
  Harold (D:10)
  3 ogre magi
  10 boulder beetles
  5 anacondas
  Erica (D:10)
  7 ironbound frosthearts
  12 centaur warriors
  15 two-headed ogres
  12 alligators
  4 death knights
  39 dancing weapons
  A deep troll earth mage (Depths:1)
  A tengu warrior (D:14)
  4 deep troll shamans
  3 orc high priests (Orc:2)
  6 death yaks (Lair:6)
  3 vampire magi
  5 shock serpents
  13 hell knights
  2 spriggan berserkers
  A titan zombie (Crypt:1)
  15 deep elf knights
  9 naga sharpshooters
  2 soul eaters
  4 iron trolls
  2 salamander mystics (Snake:3)
  39 skeletal warriors
  A bunyip zombie (Crypt:3)
  An iron giant zombie (Crypt:3)
  6 spriggan druids
  8 flayed ghosts
  5 goliath frogs
  An anaconda zombie (Crypt:2)
  9 naga ritualists
  3 obsidian statues
  4 glowing orange brains
  13 swamp dragons
  44 deep trolls
  12 ironbound convokers
  12 bog bodies
  27 phantasmal warriors
  15 deep elf archers
  15 lindwurms
  5 wizards
  A spriggan simulacrum (IceCv)
  A harpy (shapeshifter) (D:13)
  2 necromancers
  2 tengu zombies
  6 large abominations
  7 orc sorcerers
  26 deep elf pyromancers
  25 deep elf zephyrmancers
  8 mana vipers
  4 orc knights
  42 ugly things
  5 wolf spiders (Crypt:3)
  18 salamanders
  A stone giant zombie (Crypt:3)
  4 manticores
  9 cyclopes
  A sphinx skeleton (Crypt:2)
  A cyclops (shapeshifter) (Elf:3)
  A tengu skeleton (Depths:2)
  2 will-o-the-wisps (Swamp:2)
  25 naga magi
  19 elephants
  9 guardian serpents
  40 black mambas
  14 vault sentinels
  A frost giant skeleton (Depths:2)
  3 torpor snails
  5 gargoyles
  2 unseen horrors
  10 cane toads
  Psyche (D:10)
  2 orb spider zombies (Crypt:1)
  2 rime drakes
  9 komodo dragons
  3 kobold demonologists
  11 freezing wraiths
  2 tengu conjurers
  A guardian mummy (Crypt:3)
  An efreet (D:12)
  2 golden dragon simulacra (IceCv)
  25 yaktaurs
  An ice devil (Depths:2)
  2 entropy weaver simulacra (IceCv)
  A white draconian skeleton (Crypt:1)
  9 trolls
  9 polar bears
  7 tyrant leeches
  A harpy zombie (Crypt:3)
  15 hornets
  6 blink frogs
  A guardian serpent zombie (Crypt:1)
  A meliai zombie (D:10)
  2 ettin zombies (Crypt:3)
  26 slime creatures
  8 dream sheep
  A satyr zombie (Crypt:1)
  A spriggan (shapeshifter) (D:12)
  A frost giant simulacrum (Depths:2)
  Sigmund (D:4)
  A jumping spider (shapeshifter) (Elf:2)
  8 water elementals
  66 yaks
  18 spriggans
  5 air elementals
  3 jumping spiders (Crypt:3)
  2 shadows
  13 wraiths
  A centaur simulacrum (D:14)
  A vampire (D:13)
  5 flying skulls (Crypt:2)
  4 wyverns
  An ushabti (Crypt:3)
  A dire elephant simulacrum (IceCv)
  A fire bat (shapeshifter) (D:15)
  7 fire bats (Volcano)
  8 fire elementals
  A black mamba zombie (Crypt:3)
  16 humans (D:14)
  4 basilisks
  A redback (Crypt:3)
  A steam dragon (D:7)
  10 vampire mosquitoes
  A harpy simulacrum (D:15)
  14 swamp worms
  A redback simulacrum (D:15)
  A wind drake skeleton (Crypt:1)
  2 wargs
  51 nagas
  3 acid dragons
  4 hydra simulacra (IceCv)
  18 water moccasins
  2 floating eyes (Orc:1)
  3 hell hounds (D:14)
  35 orc warriors
  5 swamp drakes (Swamp:4)
  Duvessa (D:4)
  3 ice beasts
  6 black bears
  3 ettin simulacra (IceCv)
  14 necrophages
  13 ogres
  12 boggarts
  12 wolves
  12 centaurs
  A hog skeleton (Crypt:2)
  6 kobold brigands
  2 elf zombies (Elf:1)
  A wyvern zombie (D:8)
  11 bullfrogs
  A yaktaur zombie (Crypt:2)
  3 earth elementals
  A palentonga skeleton (Crypt:2)
  9 scorpions
  A gnoll sergeant (D:11)
  3 small abominations (Gauntlet)
  13 wyvern skeletons (Crypt:3)
  Dowan (D:4)
  16 killer bees
  2 lindwurm simulacra (IceCv)
  8 wights (D:7)
  12 electric eels
  6 howler monkeys
  A human simulacrum (Vaults:2)
  15 centaur zombies
  6 lava snakes (Volcano)
  A basilisk zombie (Crypt:1)
  A jelly (D:8)
  4 hounds
  A black bear zombie (Crypt:1)
  25 orc priests
  2 gnoll shamans
  2 centaur skeletons
  4 iguanas
  31 orc wizards
  2 scorpion zombies (Ossuary)
  Ijyb (D:4)
  4 mummies
  Robin (D:4)
  21 gnolls
  A howler monkey zombie (D:10)
  5 adders
  A howler monkey skeleton (D:6)
  3 river rats
  2 white imps (D:6)
  2 adder skeletons
  6 worms
  A barachi zombie (Crypt:2)
  2 dart slugs
  100 orcs
  9 endoplasms
  2 giant cockroaches
  A gnoll zombie (Ossuary)
  14 hobgoblins
  7 jackals (D:4)
  21 kobolds
  4 quokkas
  15 ball pythons
  7 bats
  4 frilled lizards
  16 goblins
  5 goblin zombies (Ossuary)
  4 hobgoblin zombies (Ossuary)
  5 kobold zombies (Ossuary)
  4 orc zombies
  A quokka skeleton (Crypt:1)
  4 rats
  A toadstool (D:10)
2024 creatures vanquished.

Vanquished Creatures (collateral kills)
  A lich (Depths:3)
  3 nagarajas (Snake:4)
  A fire giant (Depths:1)
  A reaper (IceCv)
  A vampire knight (Depths:3)
  2 very ugly things (Depths:1)
  A fire dragon (Depths:1)
  A tengu warrior (Depths:1)
  An orc high priest (Orc:2)
  2 hell knights (Depths:2)
  4 ugly things (Depths:1)
  2 nagas (Snake:4)
  A floating eye (Depths:1)
  An orc warrior (Orc:2)
  An orc priest (Orc:2)
  An orc (Orc:2)
24 creatures vanquished.

Vanquished Creatures (others)
  A wizard (Vaults:4)
  A deep elf zephyrmancer (Elf:3)
  2 deep elf pyromancers
  An ugly thing (D:15)
  A naga mage (Snake:4)
  A spriggan (Swamp:4)
  A naga (Snake:2)
  2 orc priests (Orc:2)
  10 foxfires (Swamp:2)
  41 fungi
  43 plants
  5 toadstools (D:10)
  41 withered plants (Crypt:3)
150 creatures vanquished.

Grand Total: 2198 creatures vanquished

Notes
Turn   | Place    | Note
-------+----------+-------------------------------------------
     0 | D:1      | Jannitor the Deep Dwarf Berserker began the quest for the
                  | Orb.
     0 | D:1      | Reached XP level 1. HP: 20/20 MP: 1/1
   222 | D:1      | Reached XP level 2. HP: 18/27 MP: 2/2
   520 | D:1      | Reached XP level 3. HP: 22/34 MP: 3/3
   529 | D:1      | Reached ** piety under Trog
   887 | D:2      | Found a faded altar of an unknown god.
   898 | D:2      | Found Qappafav's Distillery.
   910 | D:2      | Bought a potion of curing for 36 gold pieces
  1544 | D:3      | Found a glowing silver altar of Zin.
  1660 | D:3      | Reached XP level 4. HP: 37/42 MP: 4/4
  1812 | D:3      | Found Typh's Weapon Shoppe.
  2088 | D:4      | Noticed Sigmund
  2101 | D:4      | Killed Sigmund
  2102 | D:4      | Reached skill level 2 in Evocations
  2102 | D:4      | Reached XP level 5. HP: 33/50 MP: 5/5
  2250 | D:4      | Reached XP level 6. HP: 37/57 MP: 6/6
  2311 | D:4      | Noticed Ijyb
  2323 | D:4      | Killed Ijyb
  2347 | D:4      | Found a staircase to the Ecumenical Temple.
  2512 | D:4      | Found a sand-covered staircase.
  2520 | Ossuary  | Entered an ossuary
  2558 | Ossuary  | Reached skill level 3 in Evocations
  2612 | Ossuary  | Reached *** piety under Trog
  2624 | Ossuary  | Reached skill level 5 in Axes
  2624 | Ossuary  | Reached XP level 7. HP: 37/64 MP: 7/7
  2828 | Ossuary  | Reached skill level 4 in Evocations
  2888 | Ossuary  | Reached skill level 5 in Armour
  2888 | Ossuary  | Reached skill level 5 in Dodging
  3222 | D:4      | Noticed Duvessa
  3223 | D:4      | Noticed Dowan
  3233 | D:4      | Killed Duvessa
  3234 | D:4      | Reached XP level 8. HP: 73/73 MP: 8/8
  3239 | D:4      | Killed Dowan
  3362 | D:4      | Noticed Robin
  3374 | D:4      | Killed Robin
  3506 | D:5      | Entered Level 5 of the Dungeon
  3549 | D:5      | Reached skill level 5 in Fighting
  3549 | D:5      | Reached skill level 5 in Evocations
  3564 | D:5      | Found a glowing drain.
  3617 | Sewer    | Entered a sewer
  4167 | Sewer    | Gained mutation: You expend magic power (3 MP) to
                  | strengthen your wands. [potion of mutation]
  4167 | Sewer    | Lost mutation: You expend magic power (3 MP) to strengthen
                  | your wands. [potion of mutation]
  4471 | D:5      | Reached skill level 6 in Evocations
  4721 | D:6      | Gained mutation: You passively map the area around you.
                  | [Deep Dwarf growth]
  4721 | D:6      | Reached XP level 9. HP: 45/81 MP: 9/9
  4946 | D:3      | Bought a +1 hand axe of venom for 127 gold pieces
  5447 | D:6      | Found a radiant altar of Vehumet.
  5922 | D:7      | Found a bloodstained altar of Trog.
  5934 | D:7      | Reached skill level 7 in Evocations
  6055 | D:7      | Found the +3 warlock's mirror {reflect}
  6166 | D:7      | Found Heekhay's Weapon Shop.
  6354 | D:7      | Reached skill level 1 in Shields
  6412 | D:7      | Found a basalt altar of Yredelemnul.
  6746 | D:8      | Reached XP level 10. HP: 79/92 MP: 10/10
  7024 | D:8      | Reached skill level 8 in Evocations
  7066 | D:8      | Found Teje's Lightly-Used Armoury.
  7624 | D:8      | Found a runed translucent gate.
  7624 | D:8      | Found a runed translucent gate.
  7625 | D:8      | Found a runed translucent gate.
  7627 | D:8      | Noticed mfcas's ghost (novice DjCj)
  7627 | D:8      | Noticed hemabe71's ghost (novice HuAr)
  8059 | D:9      | Found a snail-covered altar of Cheibriados.
  8535 | D:10     | Entered Level 10 of the Dungeon
  8561 | D:10     | Found a shimmering blue altar of Sif Muna.
  9060 | D:10     | Reached skill level 9 in Evocations
  9123 | D:10     | Noticed a boulder beetle
  9148 | D:10     | Killed a boulder beetle
  9188 | D:10     | Noticed a two-headed ogre
  9197 | D:10     | Killed a two-headed ogre
  9198 | D:10     | Reached XP level 11. HP: 100/100 MP: 11/11
  9258 | D:10     | Noticed a two-headed ogre
  9269 | D:10     | Killed a two-headed ogre
  9342 | D:10     | Reached skill level 5 in Shields
  9523 | D:10     | Identified the +0 scale mail of Vyipp {rPois Will+ Str+4}
  9537 | D:10     | Found an ornate altar of the Wu Jian Council.
  9553 | D:10     | Noticed Harold
  9568 | D:10     | Killed Harold
  9569 | D:10     | Reached skill level 10 in Evocations
  9589 | D:10     | Noticed Erica
  9613 | D:10     | Killed Erica
  9699 | D:10     | Noticed Psyche
  9709 | D:10     | Killed Psyche
 10007 | D:11     | Found a gate leading to a gauntlet.
 10019 | Gauntlet | Entered a Gauntlet
 10025 | Gauntlet | Found a transporter.
 10034 | Gauntlet | Found a transporter.
 10044 | Gauntlet | Found a transporter.
 10050 | Gauntlet | Noticed a necromancer
 10059 | Gauntlet | Found a transporter.
 10069 | Gauntlet | Found a transporter.
 10084 | Gauntlet | Found a transporter.
 10086 | Gauntlet | Found a large runed translucent door.
 10087 | Gauntlet | Found a large runed translucent door.
 10088 | Gauntlet | Found a large runed translucent door.
 10089 | Gauntlet | Found a runed translucent gate.
 10090 | Gauntlet | Found a transporter.
 10090 | Gauntlet | Found a runed translucent gate.
 10091 | Gauntlet | Found a runed translucent gate.
 10092 | Gauntlet | Found a large runed translucent door.
 10093 | Gauntlet | Found a large runed translucent door.
 10094 | Gauntlet | Found a large runed translucent door.
 10104 | Gauntlet | Found a large runed translucent door.
 10105 | Gauntlet | Found a large runed translucent door.
 10105 | Gauntlet | Found a large runed translucent door.
 10105 | Gauntlet | Found a runed translucent door.
 10106 | Gauntlet | Found a large runed translucent door.
 10106 | Gauntlet | Noticed a great orb of eyes
 10107 | Gauntlet | Found a large runed translucent door.
 10107 | Gauntlet | Noticed a purple ugly thing
 10108 | Gauntlet | Noticed a white ugly thing
 10113 | Gauntlet | Found a transporter.
 10115 | Gauntlet | Found a runed translucent door.
 10116 | Gauntlet | Found a large runed translucent door.
 10116 | Gauntlet | Found a large runed translucent door.
 10116 | Gauntlet | Found a large runed translucent door.
 10117 | Gauntlet | Found a large runed translucent door.
 10118 | Gauntlet | Found a large runed translucent door.
 10144 | Gauntlet | Found a transporter.
 10146 | Gauntlet | Found a transporter.
 10173 | Gauntlet | Found a transporter.
 10173 | Gauntlet | Noticed a large abomination
 10178 | Gauntlet | Noticed a large abomination
 10183 | Gauntlet | Found a transporter.
 10211 | Gauntlet | Noticed a tengu warrior
 10338 | Gauntlet | Killed a large abomination
 10339 | Gauntlet | Reached skill level 10 in Axes
 10349 | Gauntlet | Identified the ring "Bovvugui" {Fire rElec Will+ Dex+4}
 10390 | Gauntlet | Killed a great orb of eyes
 10398 | Gauntlet | Killed a white ugly thing
 10421 | Gauntlet | Killed a purple ugly thing
 10422 | Gauntlet | Reached skill level 11 in Evocations
 10422 | Gauntlet | Reached XP level 12. HP: 90/112 MP: 12/12
 10430 | Gauntlet | Identified the +0 pair of gloves of the Shore {Int+4}
 10480 | Gauntlet | Noticed a minotaur
 10497 | Gauntlet | Killed a minotaur
 10699 | D:11     | Found a staircase to the Orcish Mines.
 10841 | D:11     | Noticed a boulder beetle
 10853 | D:11     | Reached skill level 10 in Armour
 10871 | D:11     | Noticed a two-headed ogre
 10961 | D:11     | Killed a two-headed ogre
 11191 | D:11     | Killed a boulder beetle
 11241 | D:11     | Noticed a two-headed ogre
 11264 | D:11     | Killed a two-headed ogre
 11403 | D:11     | Found a staircase to the Lair.
 11648 | Lair:1   | Entered Level 1 of the Lair of Beasts
 12061 | Lair:1   | Reached skill level 12 in Evocations
 12728 | Lair:2   | Reached **** piety under Trog
 12793 | Lair:2   | Noticed a six-headed hydra
 12803 | Lair:2   | Killed a one-headed hydra
 12928 | Lair:2   | Reached XP level 13. HP: 111/121 MP: 13/13
 13285 | Lair:2   | Found a staircase to the Swamp.
 13624 | Lair:3   | Found a staircase to the Snake Pit.
 13876 | Lair:3   | Paralysed by a hornet for 2 turns
 14216 | Lair:3   | Reached skill level 13 in Evocations
 14583 | Lair:3   | Reached skill level 10 in Fighting
 15321 | Lair:4   | Found a runed translucent door.
 15858 | Lair:4   | Reached skill level 10 in Shields
 15858 | Lair:4   | Gained mutation: You resist negative energy. (rN+) [Deep
                  | Dwarf growth]
 15858 | Lair:4   | Reached XP level 14. HP: 129/133 MP: 14/14
 15899 | Lair:5   | Reached skill level 14 in Evocations
 16554 | Lair:6   | Entered Level 6 of the Lair of Beasts
 16554 | Lair:6   | Found a viscous altar of Jiyva.
 16554 | Lair:6   | Found a staircase to the Slime Pits.
 16790 | Lair:6   | Reached ***** piety under Trog
 17346 | Lair:6   | Received a gift from Trog
 17446 | Lair:6   | Reached skill level 15 in Evocations
 17557 | Lair:6   | Found a hide-covered altar of Uskayaw.
 17557 | Lair:6   | Found an ornate altar of the Wu Jian Council.
 18036 | Orc:1    | Entered Level 1 of the Orcish Mines
 18073 | Orc:1    | Found a dark tunnel.
 18081 | Volcano  | Entered a volcano
 18334 | Volcano  | Found a radiant altar of Vehumet.
 18731 | Orc:1    | Identified the +6 war axe of Twilight {vorpal, Will+} (Trog
                  | gifted it to you on level 1 of the Orcish Mines)
 18731 | Orc:1    | Received a gift from Trog
 19008 | Orc:1    | Paralysed by a floating eye for 4 turns
 19022 | Orc:1    | Reached XP level 15. HP: 142/142 MP: 15/15
 19309 | Orc:2    | Entered Level 2 of the Orcish Mines
 19377 | Orc:2    | Found a staircase to the Elven Halls.
 19763 | Orc:2    | Gained mutation: Armour fits poorly on your strangely
                  | shaped body. [a neqoxec]
 19806 | Orc:2    | Lost mutation: Armour fits poorly on your strangely shaped
                  | body. [potion of mutation]
 19806 | Orc:2    | Gained mutation: You expend magic power (3 MP) to
                  | strengthen your wands. [potion of mutation]
 19892 | Orc:2    | Received a gift from Trog
 19906 | Orc:2    | Found Ehouklu's Antique Armour Boutique.
 19906 | Orc:2    | Found Obist's Distillery.
 19907 | Orc:2    | Found Kiocesia's Magic Scroll Shop.
 19910 | Orc:2    | Found Qihamp's Antique Weapon Boutique.
 19923 | Orc:2    | Bought the +10 tower shield of Ignorance {rN+ Int-4} for
                  | 1432 gold pieces
 19923 | Orc:2    | Found the +10 tower shield of Ignorance {rN+ Int-4}
 19923 | Orc:2    | Bought a runed helmet for 187 gold pieces
 20794 | D:12     | Found a runed translucent door.
 20795 | D:12     | Found a runed translucent door.
 20796 | D:12     | Found a runed translucent door.
 20961 | D:12     | Reached skill level 16 in Evocations
 21840 | D:12     | Received a gift from Trog
 21917 | D:12     | Identified the amulet "Wobbaq" {Spirit rCorr}
 22256 | D:13     | Found Ydwi's Jewellery Boutique.
 22660 | D:14     | Found Salaoj's General Store.
 22667 | D:14     | Bought 5 silver javelins for 168 gold pieces
 22811 | D:14     | Noticed Rupert
 22841 | D:14     | Killed Rupert
 22855 | D:14     | Reached skill level 1 in Throwing
 22916 | D:14     | Reached XP level 16. HP: 140/157 MP: 16/16
 23030 | D:14     | Noticed Azrael
 23050 | D:14     | Killed Azrael
 23236 | D:14     | Received a gift from Trog
 23415 | D:14     | Found a gate to the Vaults.
 23655 | D:15     | Entered Level 15 of the Dungeon
 24248 | D:15     | Reached skill level 17 in Evocations
 24271 | D:15     | Found a staircase to the Depths.
 24681 | Snake:1  | Entered Level 1 of the Snake Pit
 24699 | Snake:1  | Reached skill level 15 in Axes
 24802 | Snake:1  | Found Usinaa's Book Shop.
 24803 | Snake:1  | Found Eduuxyhiko's Jewellery Shoppe.
 24809 | Snake:1  | Found Ipynoam's Book Shop.
 24864 | Snake:1  | Found a burning altar of Makhleb.
 25479 | Snake:1  | Reached skill level 15 in Armour
 25983 | Snake:2  | Received a gift from Trog
 26386 | Snake:2  | Noticed Aizul
 26409 | Snake:2  | Killed Aizul
 27378 | Snake:3  | Reached XP level 17. HP: 116/168 MP: 17/17
 27383 | Snake:3  | Identified the +7 hand axe "Ogech" {flame, Contam rC+
                  | Str+9} (Trog gifted it to you on level 3 of the Snake Pit)
 27383 | Snake:3  | Received a gift from Trog
 27397 | Snake:3  | Found Daehar's Jewellery Emporium.
 27400 | Snake:3  | Found Jexawk's Distillery.
 27400 | Snake:3  | Found Hiotuz's Antique Weapon Emporium.
 27411 | Snake:3  | Found Geijurr's Antique Armour Shoppe.
 27417 | Snake:3  | Bought a fine chain mail for 351 gold pieces
 27417 | Snake:3  | Identified the +10 chain mail of the Hippo {rElec} (You
                  | bought it in a shop on level 3 of the Snake Pit)
 27726 | Snake:3  | Found a stormy altar of Qazlal.
 27931 | Snake:4  | Entered Level 4 of the Snake Pit
 28034 | Snake:4  | Reached skill level 15 in Fighting
 28051 | Snake:4  | Reached skill level 5 in Throwing
 28417 | Snake:4  | Reached skill level 18 in Evocations
 28505 | Snake:4  | Received a gift from Trog
 29005 | Snake:4  | Got a serpentine rune of Zot
 29885 | Swamp:1  | Entered Level 1 of the Swamp
 29969 | Swamp:1  | Gained mutation: You passively map a large area around you.
                  | [Deep Dwarf growth]
 29969 | Swamp:1  | Reached XP level 18. HP: 121/181 MP: 18/18
 30318 | Swamp:1  | Reached ****** piety under Trog
 30623 | Swamp:2  | Received a gift from Trog
 30976 | Swamp:2  | Reached skill level 15 in Shields
 31448 | Swamp:3  | Found a frozen archway.
 31495 | IceCv    | Entered an ice cave
 31542 | IceCv    | Reached skill level 19 in Evocations
 31820 | IceCv    | Received a gift from Trog
 32550 | Swamp:4  | Entered Level 4 of the Swamp
 32745 | Swamp:4  | Got a decaying rune of Zot
 33095 | Swamp:4  | Found an ancient bone altar of Kikubaaqudgha.
 33599 | Vaults:1 | Entered Level 1 of the Vaults
 33906 | Vaults:1 | Found Waupp's Assorted Antiques.
 33936 | Vaults:1 | Reached XP level 19. HP: 190/190 MP: 18/18
 33938 | Vaults:1 | Bought a scroll of teleportation for 72 gold pieces
 33938 | Vaults:1 | Bought a potion of heal wounds for 120 gold pieces
 34018 | Vaults:1 | Noticed Saint Roka
 34071 | Vaults:1 | Killed Saint Roka
 34597 | Vaults:1 | Identified the +10 chain mail of the Lost Wishes {rN++}
 34713 | Vaults:1 | Received a gift from Trog
 35235 | Vaults:2 | Found Zacagor's General Store.
 35243 | Vaults:2 | Bought a scroll of brand weapon for 220 gold pieces
 35372 | Vaults:2 | Reached skill level 20 in Evocations
 35801 | Vaults:2 | Found Raawox's General Store.
 35809 | Vaults:2 | Bought a scroll of enchant weapon for 112 gold pieces
 35920 | Vaults:2 | Found Vunko's Distillery.
 35937 | Vaults:2 | Identified a scroll of acquirement
 35945 | Vaults:2 | Acquired a manual of Throwing
 36373 | Vaults:2 | Found Doimidd's Assorted Antiques.
 36381 | Vaults:2 | Bought a potion of haste for 180 gold pieces
 36472 | Vaults:2 | Found Moirghonuy's Book Shoppe.
 36544 | Vaults:2 | Received a gift from Trog
 37321 | Vaults:3 | Reached XP level 20. HP: 80/201 MP: 19/19
 37384 | Vaults:3 | Found a portal to a secret trove of treasure.
 37483 | Vaults:3 | Reached skill level 10 in Throwing
 37542 | Vaults:3 | Identified the +1 cloak of the Everdark {rC+}
 37828 | Vaults:3 | Received a gift from Trog
 38055 | Vaults:3 | Found a staircase to the Crypt.
 38588 | Vaults:4 | Found a flickering gateway to a bazaar.
 38608 | Bazaar   | Entered a bazaar
 38639 | Bazaar   | Found Painaot Gami's Distillery.
 38655 | Bazaar   | Found Isomp's Assorted Antiques.
 38660 | Bazaar   | Bought a potion of heal wounds for 60 gold pieces
 38717 | Bazaar   | Found Dejoxt's Distillery.
 38722 | Bazaar   | Bought a potion of heal wounds for 55 gold pieces
 38722 | Bazaar   | Bought a potion of curing for 33 gold pieces
 38744 | Bazaar   | Found Reroughoceecw's Jewellery Shoppe.
 38749 | Bazaar   | Bought the ring "Ibugofuch" {rElec rF+ rC+ Dex+4 Stlth-}
                  | for 371 gold pieces
 38821 | Bazaar   | Found Bemaj's Antique Weapon Shoppe.
 38826 | Bazaar   | Bought a runed war axe for 104 gold pieces
 39171 | Vaults:4 | Found a runed translucent gate.
 39183 | Vaults:4 | Found a runed translucent gate.
 39184 | Vaults:4 | Found a runed translucent gate.
 39423 | Vaults:4 | Reached skill level 21 in Evocations
 39838 | Vaults:4 | Received a gift from Trog
 40138 | Vaults:4 | Noticed bezhaha's ghost (adept VSEn)
 40178 | Vaults:4 | Killed bezhaha's ghost
 40233 | Vaults:5 | Entered Level 5 of the Vaults
 40485 | Elf:1    | Entered Level 1 of the Elven Halls
 40486 | Elf:1    | Upgraded the game from 0.29-a0-67-g1d65ae1bb4 to
                  | 0.29-a0-80-g3050e97935
 40701 | Elf:1    | Received a gift from Trog
 40921 | Elf:1    | Reached XP level 21. HP: 190/212 MP: 20/20
 41000 | Elf:1    | Noticed Kirke
 41020 | Elf:1    | Killed Kirke
 41327 | Elf:1    | Noticed Jorgrun
 41343 | Elf:1    | Killed Jorgrun
 41671 | Elf:2    | Found a runed translucent gate.
 41671 | Elf:2    | Found a runed translucent gate.
 41811 | Elf:2    | Received a gift from Trog
 41910 | Elf:2    | Found a runed translucent gate.
 42084 | Elf:2    | Noticed Agnes
 42102 | Elf:2    | Killed Agnes
 42199 | Elf:2    | Found an ancient bone altar of Kikubaaqudgha.
 42206 | Elf:2    | Identified the +11 quarterstaff of Venom {protect, Will+
                  | rCorr Str-4 Int+4}
 42595 | Elf:3    | Entered Level 3 of the Elven Halls
 42851 | Elf:3    | Paralysed by an air elemental for 1 turns
 42858 | Elf:3    | Paralysed by an air elemental for 1 turns
 43151 | Elf:3    | Identified the +8 hand axe "Worghadi" {venom, rPois}
 43231 | Elf:3    | Gained mutation: You are clumsy. (Dex -2) [a neqoxec]
 43247 | Elf:3    | Identified the +7 rapier of Imbalance {freeze, Fragile rN++
                  | Str+5}
 43261 | Elf:3    | Received a gift from Trog
 43271 | Elf:3    | Reached skill level 22 in Evocations
 43357 | Elf:3    | Identified the +1 robe of the Trees {Rampage rF+}
 43357 | Elf:3    | Identified the ring "Giuhopny" {rElec Will+}
 43461 | Elf:3    | Identified the +0 pair of gloves of Anaesthesia {rN+}
 43547 | Elf:3    | Identified the +0 pair of boots of Distant Shores {rPois}
 43575 | Elf:3    | Identified the +4 chain mail "Isuerun" {rElec Dex+3 Slay+2}
 44340 | Depths:1 | Entered Level 1 of the Depths
 44345 | Depths:1 | Found a gateway to Hell.
 44370 | Depths:1 | Paralysed by a floating eye for 3 turns
 44384 | Depths:1 | Paralysed by a floating eye for 3 turns
 44512 | Depths:1 | Reached XP level 22. HP: 160/223 MP: 20/20
 44928 | Depths:1 | Found a broken altar of Ashenzari.
 45191 | Depths:1 | You fall into a shaft and drop 1 floor!
 45382 | Depths:2 | Found a one-way gateway to a ziggurat.
 45843 | Vaults:3 | You paid a toll of a +5 demon blade to enter a treasure
                  | trove
 45844 | Trove    | Entered a treasure trove
 45849 | Trove    | Found the +2 hat of the Bear Spirit {Spirit, *Rage Will++}
 45861 | Trove    | Identified the amulet of Hocestro {Acrobat Str+3}
 45874 | Trove    | Identified the amulet "Dech" {Acrobat Int+4 Dex+7}
 46100 | Depths:2 | Found a one-way gate leading to the halls of Pandemonium.
 46290 | Depths:2 | Found a viscous altar of Jiyva.
 46609 | Depths:2 | Found a transporter.
 46616 | Depths:2 | Found a transporter.
 46783 | Depths:3 | Noticed a caustic shrike
 46802 | Depths:3 | Killed a caustic shrike
 46883 | Depths:3 | Noticed a juggernaut
 46900 | Depths:3 | Killed a juggernaut
 46901 | Depths:3 | Received a gift from Trog
 46980 | Depths:3 | Noticed a caustic shrike
 47302 | Depths:3 | Noticed a golden dragon
 47305 | Depths:3 | Killed a caustic shrike
 47313 | Depths:3 | Killed a golden dragon
 47650 | Depths:3 | Noticed a golden dragon
 47671 | Depths:3 | Killed a golden dragon
 47883 | Depths:3 | Found Ehoxuefy's Magic Scroll Emporium.
 47890 | Depths:3 | Bought a scroll of blinking for 142 gold pieces
 47941 | Depths:3 | Noticed Louise
 47945 | Depths:3 | Noticed a juggernaut
 47956 | Depths:3 | Killed Louise
 47963 | Depths:3 | Killed a juggernaut
 47982 | Depths:3 | Found a one-way gate to the infinite horrors of the Abyss.
 48179 | Depths:3 | Noticed a golden dragon
 48195 | Depths:3 | Killed a golden dragon
 48546 | Temple   | Entered the Ecumenical Temple
 48556 | Temple   | Fell from the grace of Trog
 48556 | Temple   | Became a worshipper of the Shining One
 48837 | Vaults:2 | Reached skill level 15 in Throwing
 48931 | Crypt:1  | Entered Level 1 of the Crypt
 48983 | Crypt:1  | Reached * piety under the Shining One
 49008 | Crypt:1  | Reached skill level 23 in Evocations
 49192 | Crypt:1  | Reached ** piety under the Shining One
 49234 | Crypt:1  | Paralysed by Trog for 7 turns
 49350 | Crypt:1  | Reached *** piety under the Shining One
 49608 | Crypt:1  | Found a huge runed gate.
 49608 | Crypt:1  | Found a huge runed gate.
 49608 | Crypt:1  | Found a huge runed gate.
 49608 | Crypt:1  | Found a huge runed gate.
 49608 | Crypt:1  | Found a huge runed gate.
 49608 | Crypt:1  | Found a huge runed gate.
 49608 | Crypt:1  | Found a huge runed gate.
 49610 | Crypt:1  | Found a huge runed gate.
 49610 | Crypt:1  | Found a huge runed gate.
 49611 | Crypt:1  | Found a huge runed gate.
 49617 | Crypt:1  | Found a huge runed gate.
 49617 | Crypt:1  | Found a huge runed gate.
 49617 | Crypt:1  | Found a huge runed gate.
 49617 | Crypt:1  | Found a huge runed gate.
 49617 | Crypt:1  | Found a huge runed gate.
 49618 | Crypt:1  | Found a huge runed gate.
 49619 | Crypt:1  | Found a huge runed gate.
 49620 | Crypt:1  | Found a huge runed gate.
 49621 | Crypt:1  | Found a huge runed gate.
 49636 | Crypt:1  | Found a huge runed gate.
 49636 | Crypt:1  | Found a huge runed gate.
 49636 | Crypt:1  | Found a huge runed gate.
 49636 | Crypt:1  | Found a huge runed gate.
 49636 | Crypt:1  | Found a huge runed gate.
 49636 | Crypt:1  | Found a huge runed gate.
 49637 | Crypt:1  | Found a huge runed gate.
 49638 | Crypt:1  | Found a huge runed gate.
 49639 | Crypt:1  | Found a huge runed gate.
 49676 | Crypt:1  | Found a huge runed gate.
 49676 | Crypt:1  | Found a huge runed gate.
 49676 | Crypt:1  | Found a huge runed gate.
 49676 | Crypt:1  | Found a huge runed gate.
 49676 | Crypt:1  | Found a huge runed gate.
 49676 | Crypt:1  | Found a huge runed gate.
 49677 | Crypt:1  | Found a huge runed gate.
 49678 | Crypt:1  | Found a huge runed gate.
 49742 | Crypt:1  | Found the +7 sceptre of Torment {pain, torment}
 49742 | Crypt:1  | Noticed an ancient lich
 49742 | Crypt:1  | Reached **** piety under the Shining One
 49742 | Crypt:1  | Noticed an ancient lich
 49742 | Crypt:1  | Noticed an ancient lich
 49818 | Crypt:1  | Reached XP level 23. HP: 166/232 MP: 17/17
 49825 | Crypt:1  | Killed an ancient lich
 49826 | Crypt:1  | Reached skill level 1 in Invocations
 49832 | Crypt:1  | Killed an ancient lich
 49875 | Crypt:1  | Killed an ancient lich
 49934 | Crypt:1  | Identified the +9 ring mail of the Unseen Realm {rN+
                  | Regen+}
 49958 | Crypt:2  | Reached ***** piety under the Shining One
 50065 | Crypt:2  | Reached skill level 5 in Invocations
 50208 | Crypt:2  | Reached ****** piety under the Shining One
 50514 | Crypt:2  | Noticed Margery
 50527 | Crypt:2  | Killed Margery
 50729 | Crypt:3  | Entered Level 3 of the Crypt
 50888 | Crypt:3  | Noticed Mara
 50889 | Crypt:3  | Identified a +7 broad axe of holy wrath (a +5 broad axe of
                  | venom blessed by the Shining One)
 50889 | Crypt:3  | Received a gift from the Shining One
 50891 | Crypt:3  | Noticed Jannitor's illusion
 50913 | Crypt:3  | Killed Mara
 51069 | Crypt:3  | Found a staircase to the Tomb.
 51199 | Crypt:3  | Found a basalt altar of Yredelemnul.
 51373 | Crypt:3  | Noticed Frederick
 51397 | Crypt:3  | Killed Frederick
 52832 | Vaults:3 | HP: 8/235 [stone giant[the rage of Trog] (15)]
 52832 | Vaults:3 | Annihilated by a stone giant

Illustrated notes

Levels and vault maps discovered:
D:1:      minmay_arrival_shattered_statue, layout_basic, kennysheep_boxes
D:2:      layout_basic, shapermc_ecumenical_altar_notcrosses, serial_shops,
          nicolae_shop_window_shopping
D:3:      layout_loops_ring, zin_academy, serial_shops, nicolae_diamond_shop
D:4:      kennysheep_goblin_castle, layout_loops_ring,
          minmay_temple_entry_glassed_door, nicolae_ossuary_entry_ruins,
          uniq_ijyb, uniq_duvessa, uniq_sigmund
D:5:      layout_cave_pools, cheibrodos_sewer_entry_sluice,
          kennysheep_big_empty_room, minivault_11
D:6:      layout_loops_corners, general_overflow_altar, minivault_27
D:7:      layout_loops_cross, mainiacjoe_overflow_tiny_flanked,
          trog_ov_bears_minmay, serial_shops, shop,
          minmay_a_box_with_orc_wizards_in_it
D:8:      layout_loops_ring, serial_co_window_serial, co_window_paths_a,
          co_window_corner_a, co_window_paths_a, co_window_paths_a,
          co_window_corner_a, co_window_paths_b, co_window_of_opportunity_a,
          co_window_paths_c, co_window_unsneaky_path_c,
          co_window_unsneaky_path_b, co_window_4corner_b, co_window_sun,
          glass_columns_c, glass_columns_a, gammafunk_ghost_cemetery,
          minmay_shop_damaged
D:9:      layout_roguey, cheibriados_altar_1, kennysheep_donut
D:10:     kennysheep_windowed_halls, layout_basic,
          nicolae_sif_muna_condensation, mainiacjoe_overflow_boulevard,
          grunt_ministairs_6, minmay_gold_behind_fungi, uniq_psyche,
          uniq_harold, uniq_erica
D:11:     layout_roguey, grunt_lair_entry_orc_guard_hut, david_orc_1_choice,
          gauntlet_entry_generic, st_stairs_5
D:12:     minmay_the_grid_triangle_9x9_recursive_3
          [minmay_the_grid_triangle_9x9_sparse_checkered,
          minmay_the_grid_triangle_9x9_empty,
          minmay_the_grid_triangle_9x9_dagger,
          minmay_the_grid_triangle_9x9_prize_top_heavy,
          minmay_the_grid_triangle_9x9_fully_insulated_deathbox,
          minmay_the_grid_triangle_9x9_alien,
          minmay_the_grid_triangle_9x9_intruding_spiral,
          minmay_the_grid_triangle_9x9_sprig,
          minmay_the_grid_triangle_9x9_thin_v], layout_gridville,
          evilmike_butchery
D:13:     layout_rooms, serial_shops, nicolae_shop_advertising_works
          [nicolae_subvault_shop_adworks]
D:14:     layout_loops_ring, david_vaults_3, serial_shops, nicolae_shop_stone,
          minmay_misc_feat_pillars, uniq_azrael
D:15:     grunt_enter_depths_magical_seal, layout_loops_ring,
          nicolae_cairo_tiling_large
Temple:   eino_wide_crystal_templ
Lair:1:   layout_regular_city
Lair:2:   layout_regular_city, minmay_swamp_entry_reptiles, grunt_megastairs_3,
          serial_bayou_shore_a, serial_bayou_shore_b
Lair:3:   kb_forest_paths, layout_loops_ring, dummy_snake_entry, minmay_holes
Lair:4:   layout_misc_corridors, st_stairs_10, fungi_pond_lemuel,
          pf_torpor_hydra
Lair:5:   layout_misc_corridors, grunt_megastairs_1, infiniplex_staircase_pool
Lair:6:   evilmike_catoblepas_cave, layout_loops_ring, slime_altar_1,
          nzn_masters_of_martial_movement
Swamp:1:  layout_basic_swamp, nicolae_swamp_triple_paths,
          infiniplex_staircase_pool_2
Swamp:2:  layout_basic_swamp, evilmike_swamp_ruin_house_1, swamp_pool2,
          nicolae_swamp_no_escape
Swamp:3:  layout_basic_swamp, portal_ice_cave_entry_pillars_2,
          evilmike_swamp_ruin_house_3
Swamp:4:  swamp_alternative, layout_basic_swamp, swamp_pool1, grunt_ruined_hall
Snake:1:  layout_cave_pods, basic_altar, minmay_shop_grove
Snake:2:  layout_chambers, uniq_aizul
Snake:3:  layout_cave_shapes, basic_altar, minmay_shoptagon
Snake:4:  grunt_snake_rune_spirals, layout_onion_interference,
          nicolae_snake_guarding_the_ruins, lemuel_fruit_tree
Orc:1:    hellmonk_paralyzer, layout_diamond_mine, enter_volcano_1
Orc:2:    st_orc_mages, layout_caves
Elf:1:    minmay_elf_arrival_plus, layout_geoelf_octagon, minmay_elf_necromancy,
          roderic_roman_lattice, uniq_kirke, uniq_jorgrun
Elf:2:    nicolae_elf_blades_crystal_corner, layout_loops_corners, basic_altar,
          uniq_agnes
Elf:3:    grunt_elf_hall_diamonds, layout_geoelf_castle,
          nicolae_elf_stone_circles
Vaults:1: nicolae_vaults_network_quinsquares
          [nicolae_vaults_network_quincunx_subvault,
          nicolae_vaults_network_quincunx_subvault,
          nicolae_vaults_network_quincunx_subvault,
          nicolae_vaults_network_quincunx_subvault], vaults_dpeg_spiral,
          nicolae_vaults_stairing_the_circle, nicolae_vaults_meeting,
          nicolae_vaults_little_squares_4, v_misc_15,
          nicolae_vaults_sealed_display, layout_vaults_maze_snakey,
          serial_shops, nicolae_shop_trees, uniq_saint_roka
Vaults:2: vaults_mumra_chevron_long, nicolae_vaults_windows_and_doors_thing,
          nicolae_vaults_octagons, nicolae_vaults_little_squares_2,
          grunt_vaults_focal, ontoclasm_vaults_ring_small, serial_ice_h,
          layout_vaults_chaotic_city, serial_shops, shop,
          nicolae_shop_waterfront, nicolae_shop_hallway_plus,
          nicolae_shop_trees, shop_fountains
Vaults:3: minmay_crypt_entry_simple_round, vaults_room_stairs_pillars,
          v_misc_14, vaults_room_fours, nicolae_vaults_shelves_hall, v_misc_25,
          v_misc_18, nicolae_vaults_asterisk, grunt_vaults_swirl, v_rooms_4,
          ontoclasm_vaults_shuriken, nicolae_vaults_back_hallway, st_octagons_2,
          hangedman_vaults_maws, grunt_vaults_hallway_short,
          hangedman_vaults_nails, ontoclasm_vaults_hangar,
          nicolae_vaults_little_squares_3, layout_vaults_omnibox, enter_trove_3
Vaults:4: ebering_ghost_rock_garden, nicolae_vaults_angled_halls,
          grunt_vaults_diagonal, nicolae_vaults_gold_heap,
          nicolae_vaults_ring_of_whatevers, hangedman_vaults_impose,
          nicolae_vaults_little_squares_2, vaults_room_pool,
          layout_vaults_omnigrid, serial_shops, bzr_entry_islet
Vaults:5: serial_shops
Crypt:1:  layout_chaotic_city, door_vault
Crypt:2:  layout_gridlike, uniq_margery
Crypt:3:  evilmike_haunted_forest, uniq_mara, uniq_frederick
Depths:1: layout_cave_pools, nicolae_figureground_sparkle, hell_entry,
          evilmike_ruin_ashenzari, serial_bayou_shore_b
Depths:2: gammafunk_jiyva_shrine, layout_gridlike, enter_ziggurat_d,
          rand_demon_pan_entry_7, serial_sigils_hangedman_shear,
          grunt_metal_band
Depths:3: minmay_central_circle, layout_honeycomb, serial_shops,
          nicolae_square_shop, nicolae_abyss_entry_one_way_or_another,
          hell_entry, serial_sigils, serial_sigils_hangedman_scratch,
          serial_sigils_hangedman_quiver, serial_sigils_hangedman_carve

Skill      XL: |  1  2  3  4  5  6  7  8  9 10 11 12 13 14 15 16 17 18 19 20 21 22 23 |
---------------+----------------------------------------------------------------------+-----
Fighting       | 3 4 5 6 7 8 9 10 11 13 14 16 17 18 19 | 19.7
Armour         | 3 4 5 6 7 8 9 11 12 13 14 15 16 17 18 19 20 | 20.7
Dodging        | 3 4 5 6 7 8 |  8.7
Axes           | 4 5 6 7 9 10 11 12 13 14 15 16 17 18 19 20 | 20.3
Evocations     | 2 3 4 6 7 9 11 12 13 15 16 17 18 19 20 21 22 23 | 23.1
Shields        | 1 4 6 8 10 11 12 13 14 15 16 17 18 19 | 19.8
Throwing       | 1 4 6 8 9 12 13 15 16 | 16.0
Invocations    | 9 |  9.8

Action                   |  1- 3 |  4- 6 |  7- 9 | 10-12 | 13-15 | 16-18 | 19-21 | 22-24 || total
-------------------------+-------+-------+-------+-------+-------+-------+-------+-------++-------
Melee: Hand axe          |   124 |   139 |   529 |   902 |  2868 |  1718 |  1481 |   414 ||  8175
       Punch             |     3 |     2 |     6 |       |       |       |       |       ||    11
       Broad axe         |       |       |       |       |   170 |   898 |  1424 |  1581 ||  4073
Throw: Javelin           |       |       |       |       |       |       |     4 |       ||     4
Invok: Berserk           |     5 |     4 |    24 |    21 |    18 |    15 |     7 |    10 ||   104
       Trog's Hand       |     1 |     3 |    15 |    22 |     6 |    27 |    19 |    22 ||   115
       Brothers in Arms  |       |       |       |       |       |     2 |     2 |     4 ||     8
       Divine Shield     |       |       |       |       |       |       |       |     4 ||     4
       Cleansing Flame   |       |       |       |       |       |       |       |     2 ||     2
       Brand Weapon With |       |       |       |       |       |       |       |     1 ||     1
 Abil: Heal Wounds       |       |       |       |       |       |     3 |     3 |    17 ||    23
Evoke: Wand              |       |       |     2 |    15 |    14 |     5 |    13 |     5 ||    54
       Piece from Xom's  |       |       |       |       |       |       |     4 |     1 ||     5
       Condenser vane    |       |       |       |       |       |       |       |     1 ||     1
  Use: Scroll            |       |    10 |     8 |     4 |     5 |     6 |     5 |    22 ||    60
       Potion            |       |       |     7 |     7 |     1 |     2 |     5 |     1 ||    23
 Stab: Paralysed         |       |       |       |    12 |    31 |     5 |     2 |       ||    50
       Petrifying        |       |       |       |     2 |       |       |       |       ||     2
       Petrified         |       |       |       |     1 |    10 |       |       |       ||    11
       Distracted        |       |       |       |       |     1 |       |     1 |     1 ||     3
Armor: Chain mail        |    64 |    74 |   228 |   284 |   691 |    73 |   608 |   219 ||  2241
       Plate armour      |       |       |       |    28 |       |       |       |       ||    28
       Scale mail        |       |       |       |       |       |   411 |       |       ||   411
       Gold dragon scale |       |       |       |       |       |       |       |   321 ||   321
Dodge: Dodged            |    56 |    67 |   225 |   284 |   787 |   524 |   424 |   258 ||  2625
Block: Other             |       |       |    73 |       |       |       |       |       ||    73
       Reflection        |       |       |     4 |    12 |    55 |   254 |   143 |    23 ||   491
       Buckler           |       |       |    28 |   581 |  1337 |       |       |       ||  1946
       Tower shield      |       |       |       |       |   948 |  3812 |  3447 |  2592 || 10799

Table legend: (Time is in decaauts)
 A = Elapsed time spent in this place.
 B = Non-inter-level travel time spent in this place.
 C = Inter-level travel time spent in this place.
 D = Time resting spent in this place.
 E = Time spent auto-exploring this place.
 F = Levels seen in this place.
 G = Mean time per level.
                   A        B        C        D        E       F      G
               +--------+--------+--------+--------+--------+-----+--------+
         Total |  52020 |  48307 |   3713 |   3065 |  28389 |  53 |  981.5 |
       Dungeon |  15659 |  13852 |   1807 |   1028 |   9099 |  15 | 1043.9 |
        Temple |     19 |     10 |      9 |      0 |      4 |   1 |   19.0 |
          Lair |   6146 |   5735 |    411 |    248 |   3699 |   6 | 1024.3 |
         Swamp |   2941 |   2849 |     92 |     32 |   1708 |   4 |  735.2 |
     Snake Pit |   5058 |   4844 |    214 |    155 |   3030 |   4 | 1264.5 |
  Orcish Mines |   1799 |   1614 |    185 |     28 |    933 |   2 |  899.5 |
   Elven Halls |   3488 |   3353 |    135 |     29 |   1944 |   3 | 1162.7 |
        Vaults |   6298 |   5749 |    549 |    350 |   3072 |   5 | 1259.6 |
         Crypt |   3862 |   3699 |    163 |     46 |   2189 |   3 | 1287.3 |
        Depths |   3487 |   3342 |    145 |    427 |   1663 |   3 | 1162.3 |
        Bazaar |    253 |    253 |      0 |      0 |    209 |   1 |  253.0 |
         Trove |     48 |     48 |      0 |      0 |      5 |   1 |   48.0 |
         Sewer |    688 |    688 |      0 |    136 |    242 |   1 |  688.0 |
       Ossuary |    522 |    522 |      0 |    144 |    143 |   1 |  522.0 |
      Ice Cave |    751 |    751 |      0 |    257 |    137 |   1 |  751.0 |
       Volcano |    324 |    324 |      0 |     39 |     98 |   1 |  324.0 |
      Gauntlet |    669 |    669 |      0 |    141 |    210 |   1 |  669.0 |
               +--------+--------+--------+--------+--------+-----+--------+

Top non-repeatable levels by time:
 Crypt:3: 2025 daAuts
    D:12: 1823 daAuts
    D:10: 1728 daAuts
Vaults:3: 1719 daAuts
 Snake:4: 1719 daAuts
Vaults:2: 1702 daAuts
Depths:3: 1575 daAuts
 Snake:2: 1466 daAuts
   Elf:3: 1459 daAuts
Vaults:4: 1455 daAuts
Vaults:1: 1418 daAuts
  Lair:3: 1398 daAuts
     D:4: 1272 daAuts
     D:8: 1265 daAuts
    D:14: 1229 daAuts
